 Dungeon Crawl Stone Soup version 0.13-a0-2305-ge00d11d (webtiles) character file.

675 Kae the Ruinous (level 6, 0/32 HPs)
             Began as a Tengu Fire Elementalist on July 9, 2013.
             Slain by a phantom (9 damage)
             ... on Level 4 of the Dungeon.
             The game lasted 00:06:10 (4397 turns).

Kae the Ruinous (Tengu Fire Elementalist)           Turns: 4397, Time: 00:06:10

HP   0/32        AC  1     Str  7      XL: 6   Next: 91%
MP   9/14        EV 13     Int 17      God:
Gold 261         SH  0     Dex 16      Spells:  4 memorised,  1 level left

Res.Fire  : . . .   See Invis. : .   r - +0 falchion
Res.Cold  : + . .   Warding    : .   a - +0 robe
Life Prot.: . . .   Conserve   : .   (no shield)
Res.Poison: .       Res.Corr.  : .   (helmet restricted)
Res.Elec. : .       Clarity    : .   (no cloak)
Sust.Abil.: . .     Spirit.Shd : .   (no gloves)
Res.Mut.  : .       Stasis     : .   (boots unavailable)
Res.Rott. : .       Flight     : .   (no amulet)
Saprovore : . . .                    e - ring of protection from cold
                                     (no ring)

@: slightly resistant to hostile enchantments, fairly stealthy
A: able to fly, beak, talons 3, deformed body, screaming 1, spit poison 1, wild
magic 1, Str -1, Dex +1
a: Spit Poison, Fly


You were on level 4 of the Dungeon.
You were not hungry.

You visited 1 branch of the dungeon, and saw 4 of its levels.

You collected 241 gold pieces.

Inventory:

Hand weapons
 d - a +0,+0 orcish dagger (quivered)
 r - a +0,+0 falchion (weapon)
Armour
 a - a +0 robe (worn)
Comestibles
 c - 2 bread rations
 f - a pear
 g - a choko
 h - 2 meat rations
 m - an apple
 s - a royal jelly
 x - a chunk of giant cockroach flesh
Scrolls
 i - 3 scrolls of remove curse
 j - a scroll of blinking
 l - 3 scrolls of teleportation
 n - 7 scrolls of identify
 q - a scroll of fear {unknown}
 w - a scroll of amnesia
Jewellery
 e - a ring of protection from cold (right hand)
 p - an uncursed ring of flight
 t - an uncursed ring of sustenance {unknown}
 u - an uncursed ring of ice
Potions
 k - a potion of speed
 o - a potion of curing
 v - a potion of invisibility {unknown}
Books
 b - a book of Flames

   Spells                             Type                      Level
   *Flame Tongue                      Conjuration/Fire             1
   *Throw Flame                       Conjuration/Fire             2
   *Conjure Flame                     Conjuration/Fire             3
   Inner Flame                        Hexes/Fire                   3
   *Sticky Flame                      Conjuration/Fire             4
   Fireball                           Conjuration/Fire             5


   Skills:
 - Level 2.1 Dodging
 - Level 2.0 Stealth
 + Level 3.0 Spellcasting
 * Level 5.8 Conjurations
 * Level 5.5 Fire Magic


You had one spell level left.
You knew the following spells:

 Your Spells              Type           Power        Failure   Level  Hunger
a - Flame Tongue          Conj/Fire      ####.        5%          1    None
b - Throw Flame           Conj/Fire      ####..       7%          2    ##.....
c - Conjure Flame         Conj/Fire      ####....     16%         3    ###....
d - Sticky Flame          Conj/Fire      ####....     34%         4    ####...


Dungeon Overview and Level Annotations

Branches:
Dungeon (4/27)
 Temple: D:4-7

Altars:


Innate Abilities, Weirdness & Mutations

You can fly.
You have a beak for a mouth.
You have claws for feet.
Armour fits poorly on your strangely shaped body.
Your muscles are flexible, but weak (Str -1, Dex +1).
You occasionally shout uncontrollably.
You can spit poison.
Your spells are a little harder to cast, but a little more powerful.


Message History

The phantom is severely damaged.
The phantom barely misses you.
Casting: Flame Tongue
Confirm with . or Enter, or press ? or * to list all spells.
Aiming: Flame Tongue
Press: ? - help, Shift-Dir - straight line, f/p - phantom
Aim: a phantom (severely damaged)
The flame hits the phantom.
The phantom is severely damaged.
The phantom hits you.
* * * LOW HITPOINT WARNING * * *
Casting: Flame Tongue
Confirm with . or Enter, or press ? or * to list all spells.
Aiming: Flame Tongue
Press: ? - help, Shift-Dir - straight line, f/p - phantom
Aim: a phantom (severely damaged)
The flame hits the phantom.
The phantom is almost destroyed.
The phantom hits you!
You die...

########################
....)..........<.........
##.......#######)........
#.......# .#@........
#.......#.....p.%.......#
#.......#.....#.........#
#.......#.....#.........#
#.......#######.........#
#.......................#
##....#...........#......#
.....# #.........###.....#
.....# #.........# #.....#


You could see a phantom.

Vanquished Creatures
  An ogre (D:4)
  A phantom (D:4)
  A hound (D:4)
  An orc priest (D:4)
  An orc wizard (D:3)
  Jessica (D:3)
  An adder (D:3)
  3 worms
  4 giant geckos
  An ooze (D:3)
  11 orcs
  A ball python (D:1)
  4 giant cockroaches
  5 goblins
  6 hobgoblins
  2 jackals (D:2)
  3 quokkas
  6 bats
  7 giant newts
  A hobgoblin skeleton (D:4)
  11 kobolds
  8 rats
  A rat skeleton (D:4)
81 creatures vanquished.

Vanquished Creatures (others)
  A hobgoblin (D:1)
  A giant newt (D:1)
  A goblin (D:2)
3 creatures vanquished.

Grand Total: 84 creatures vanquished

Notes
Turn   | Place    | Note
--------------------------------------------------------------
     0 | D:1      | Kae, the Tengu Fire Elementalist, began the quest for the Orb.
     0 | D:1      | Reached XP level 1. HP: 10/10 MP: 3/3
   484 | D:1      | Reached XP level 2. HP: 15/15 MP: 5/5
  1050 | D:2      | Reached XP level 3. HP: 16/19 MP: 4/7
  2539 | D:3      | Reached skill level 4 in Fire Magic
  2583 | D:3      | Reached XP level 4. HP: 24/24 MP: 6/9
  2692 | D:3      | Gained mutation: You can spit poison. [potion of mutation]
  2692 | D:3      | Gained mutation: Armour fits poorly on your strangely shaped body. [potion of mutation]
  2693 | D:3      | Gained mutation: Your spells are a little harder to cast, but a little more powerful. [potion of mutation]
  2693 | D:3      | Gained mutation: You occasionally shout uncontrollably. [potion of mutation]
  2693 | D:3      | Gained mutation: Your muscles are flexible, but weak (Str -1, Dex +1). [potion of mutation]
  2868 | D:3      | Noticed Jessica
  2873 | D:3      | Killed Jessica
  2873 | D:3      | Reached XP level 5. HP: 26/28 MP: 6/11
  3368 | D:4      | Noticed an ogre
  3368 | D:4      | Noticed a phantom
  3369 | D:4      | Noticed a phantom
  3686 | D:4      | Killed a phantom
  3686 | D:4      | Reached skill level 5 in Conjurations
  3686 | D:4      | Reached skill level 5 in Fire Magic
  3686 | D:4      | Reached XP level 6. HP: 16/32 MP: 4/13
  4003 | D:4      | Learned a level 3 spell: Conjure Flame
  4014 | D:4      | Killed an ogre
  4099 | D:4      | Learned a level 2 spell: Throw Flame
  4118 | D:4      | Learned a level 4 spell: Sticky Flame
  4397 | D:4      | Slain by a phantom

Action                   |  1- 3 |  4- 6 || total
-------------------------+-------+-------++-------
Melee: Dagger            |    56 |       ||    56
       Unarmed           |     2 |       ||     2
       Falchion          |     7 |    39 ||    46
 Cast: Flame Tongue      |    33 |    85 ||   118
       Throw Flame       |       |     3 ||     3
       Conjure Flame     |       |     1 ||     1
  Use: Scroll            |     5 |     2 ||     7
       Potion            |       |     5 ||     5
 Stab: Sleeping          |     4 |       ||     4
       Distracted        |     1 |       ||     1
